 Dungeon Crawl Stone Soup version 0.30-a0-6-g7c9e10e132 (webtiles) character file.

Game seed: 8606599064390066895

171 Zeldest the Ruffian (level 5, -1/39 HPs)
             Began as a Djinni Wanderer on Aug 22, 2022.
             Was an Initiate of Makhleb.
             Slain by a centaur (5 damage)
             ... on level 5 of the Dungeon.
             The game lasted 00:05:37 (4891 turns).

Zeldest the Ruffian (Djinni Wanderer)               Turns: 4891, Time: 00:05:38

Health: -1/39      AC:  2    Str: 12    XL:     5   Next: 81%
Gold:   222        EV: 11    Int: 16    God:    Makhleb [......] SH:  0 Dex: 11

rFire   + + +      SeeInvis .      - Unarmed
rCold   . . .      Faith    .    (no shield)
rNeg    . . .      Spirit   .    d - +0 robe
rPois   ∞          Reflect  .    (no helmet)
rElec   +          Harm     .    (no cloak)
rCorr   +          Rampage  .    (no gloves)
Will    .....                    (boots unavailable)
Stlth   +.........               (no amulet)
HPRegen 0.13/turn                (no ring)
MPRegen 0.00/turn                (no ring)

@: resistant, flying
A: sickness immunity, fire resistance 2, cold vulnerability 1, float, innate
caster, HP casting, extra vitality 1
a: Renounce Religion


You were on level 5 of the Dungeon.
You worshipped Makhleb.
Makhleb was noncommittal.
You visited 2 branches of the dungeon, and saw 6 of its levels.

You collected 222 gold pieces.

Inventory:

Armour
 d - a +0 robe (worn)
Jewellery
 w - a ring of willpower
Wands
 b - a wand of polymorph (6)
 t - a wand of quicksilver (14)
Scrolls
 f - 2 scrolls of identify {unknown}
 h - 2 scrolls of blinking {unknown}
 i - a scroll of teleportation {unknown}
 j - 2 scrolls of enchant armour {unknown}
 k - a scroll of amnesia {unknown}
 l - a scroll of fear {unknown}
 m - 2 scrolls of enchant weapon {unknown}
 q - 3 scrolls of butterflies {unknown}
 u - 2 scrolls of noise {unknown}
 v - a scroll of magic mapping {unknown}
Potions
 a - a potion of cancellation {unknown}
 c - a potion of might
 e - 3 potions of curing {unknown}
 g - a potion of flight {unknown}
 n - 2 potions of ambrosia {unknown}
 o - 2 potions of degeneration {unknown}
 p - a potion of invisibility {unknown}
 r - a potion of resistance
 s - a potion of brilliance {unknown}
 x - a potion of lignification {unknown}


   Skills:
 + Level 2.3 Fighting
 - Level 2.4 Axes
 - Level 1.1 Dodging
 * Level 3.0 Unarmed Combat
 * Level 2.9 Spellcasting
 - Level 2.0 Evocations


You couldn't memorise any spells.
You knew the following spells:

 Your Spells              Type           Power      Damage    Failure   Level
a - Freeze                Ice            44%        1d6       5%          1
b - Ice Form              Ice/Tmut       11%        N/A       50%         4
c - Ensorcelled Hibernat  Hex/Ice        22%        N/A       9%          2
d - Passwall              Tmut/Erth      9%         N/A       9%          2
f - Shock                 Conj/Air       44%        1d5       5%          1

Your spell library contained the following spells:

 Spells                   Type           Power      Damage    Failure   Level


Dungeon Overview and Level Annotations

Branches:
Dungeon (5/15)             Temple (1/1) D:4

Altars:
Ashenzari
Cheibriados
Dithmenos
Gozag
Hepliaklqana
Makhleb
Nemelex Xobeh
Qazlal
Trog
Uskayaw
Wu Jian


Innate Abilities, Weirdness & Mutations

You are immune to sickness and miasma.
You are immune to poison.
Your flesh is very heat resistant. (rF++)
You are vulnerable to cold. (rC-)
You float through the air rather than walking.
You learn spells naturally, not from books.
Your magical power is your life essence.
You have superior vitality. (+4 MHP)


Message History

Confirm with . or Enter, or press ? or * to list all spells.
Aiming: Shock (safe; 5% risk of failure)
Press: ? - help, Shift-Dir - straight line The zap hits the centaur.
The centaur is lightly wounded.
The centaur shouts!
The zap hits the centaur.
The centaur is moderately wounded.
The centaur wields a +0 shortbow.
The centaur shoots an arrow.
The arrow hits you!
The centaur shoots an arrow.
The arrow hits you.
Casting: Shock (safe; 5% risk of failure)
Confirm with . or Enter, or press ? or * to list all spells.
Aiming: Shock (safe; 5% risk of failure)
Press: ? - help, Shift-Dir - straight line The zap hits the centaur.
The centaur is heavily wounded.
The zap hits the centaur.
The centaur is heavily wounded.
The centaur shoots an arrow.
The arrow hits you!
* * * LOW HITPOINT WARNING * * *
The centaur unwields a +0 shortbow.
The centaur closely misses you. The centaur kicks you.
* * * LOW HITPOINT WARNING * * *
Aiming: Freeze (safe; 5% risk of failure)
Press: ? - help, Q - select action, (/) - cycle Shift-Dir - straight line, f - centaur
Aim: a centaur (heavily wounded)
You freeze the centaur.
The centaur is heavily wounded.
* * * LOW HITPOINT WARNING * * *
The centaur hits you.
* * * LOW HITPOINT WARNING * * *
The centaur kicks you.
* * * LOW HITPOINT WARNING * * *
The centaur hits you.
* * * LOW HITPOINT WARNING * * *
The centaur barely misses you.
It was a potion of resistance.
You feel protected. The centaur hits you.
You die...

#.......# #.# #.#
#.......# #.#.#.#
#.......### #.#.#.#
+......>'.# #.#.#.#
#.......#.# #.#.#.#
#.......#.# #.#.#.#
#.......#.# #.#.#.#
†.......#.# #.#.#.#
#.......#.###.#c@.#
##'####.#.....#####
#.# ##.####..# #.#
#...#....# #.#
#........# #.#
#...##...#
.............#
#####..#.#..##
.........#


You could see a centaur.

Vanquished Creatures
  2 iguanas
  An orc wizard (D:2)
  3 adders
  A white imp (D:5)
  3 dart slugs
  5 orcs (D:3)
  3 endoplasms
  A giant cockroach (D:2)
  6 goblins
  3 hobgoblins (D:2)
  2 jackals (D:1)
  3 kobolds
  2 quokkas
  8 ball pythons
  4 bats
  2 rats
49 creatures vanquished.

Vanquished Creatures (others)
  3 plants (D:5)
3 creatures vanquished.

Grand Total: 52 creatures vanquished

Notes
Turn   | Place    | Note
-------+----------+-------------------------------------------
     0 | D:1      | Zeldest the Djinni Wanderer began the quest for the Orb.
     0 | D:1      | Zeldest set off with the following items: a +0 hand axe, a
                  | wand of polymorph (6), a potion of might, a +0 robethe
                  | following spells memorised: Freeze, Ice Form, Ensorcelled
                  | Hibernation.
     0 | D:1      | Reached XP level 1. HP: 17/17 MP: 0/0
   631 | D:1      | Reached XP level 2. HP: 20/22 MP: 0/0
   909 | D:1      | Reached skill level 1 in Unarmed Combat
  1244 | D:2      | Reached XP level 3. HP: 8/27 MP: 0/0
  1244 | D:2      | Learned a level 1 spell: Shock
  2457 | D:3      | Reached XP level 4. HP: 29/33 MP: 0/0
  2519 | D:2      | Reached skill level 2 in Unarmed Combat
  2857 | D:3      | Reached XP level 5. HP: 28/38 MP: 0/0
  2857 | D:3      | Learned a level 2 spell: Passwall
  3539 | D:4      | Found a snail-covered altar of Cheibriados.
  3780 | D:4      | Found a staircase to the Ecumenical Temple.
  3903 | Temple   | Entered the Ecumenical Temple
  4046 | Temple   | Became a worshipper of Makhleb the Destroyer
  4358 | D:5      | Entered Level 5 of the Dungeon
  4706 | D:5      | Reached skill level 3 in Unarmed Combat
  4886 | D:5      | Noticed a centaur
  4891 | D:5      | Slain by a centaur

Illustrated notes

Levels and vault maps discovered:
D:1:      mrwooster_arrival_statue, layout_loops_corners
D:2:      layout_loops_corners, dk_vineyard_2, minmay_bisected
D:3:      layout_loops_ring
D:4:      layout_rooms, old_standard_altar, minmay_temple_entry_sparse_star
D:5:      layout_basic, serial_bayou, serial_bayou_pond_e,
          serial_bayou_lagoon_a, serial_bayou_shore_b, serial_bayou_shore_a,
          serial_bayou_pond_a, serial_bayou_ford_a
Temple:   mainiacjoe_temple_big_plus

Skill      XL: |  1  2  3  4  5 |
---------------+----------------+-----
Unarmed Combat | 1 2 3 |  3.0
Spellcasting   | 2 |  2.9
Fighting       | 2 |  2.3
Axes           | |  2.4
Dodging        | |  1.1
Evocations     | |  2.0

Action                   |  1- 3 |  4- 6 || total
-------------------------+-------+-------++-------
Melee: Unarmed           |     9 |       ||     9
 Cast: Freeze            |    31 |    16 ||    47
       Shock             |    24 |    60 ||    84
  Use: Potion            |       |     1 ||     1
Armor: Robe              |     7 |     1 ||     8
Dodge: Dodged            |    25 |    19 ||    44

Table legend: (Time is in decaauts)
 A = Elapsed time spent in this place.
 B = Non-inter-level travel time spent in this place.
 C = Inter-level travel time spent in this place.
 D = Time resting spent in this place.
 E = Time spent auto-exploring this place.
 F = Levels seen in this place.
 G = Mean time per level.
                   A        B        C        D        E       F      G
               +--------+--------+--------+--------+--------+-----+--------+
         Total |   4892 |   4755 |    137 |   1714 |   2671 |   6 |  815.3 |
       Dungeon |   4670 |   4570 |    100 |   1714 |   2490 |   5 |  934.0 |
        Temple |    221 |    184 |     37 |      0 |    181 |   1 |  221.0 |
               +--------+--------+--------+--------+--------+-----+--------+

Top non-repeatable levels by time:
     D:2: 1436 daAuts
     D:1: 1091 daAuts
     D:3: 990 daAuts
     D:4: 835 daAuts
     D:5: 317 daAuts
  Temple: 221 daAuts
